 Dungeon Crawl Stone Soup version 0.28.0-43-g3370ac3207 (webtiles) character file.

Game seed: 17819178497563423352

40 H0rd4k the Magician (level 3, -3/19 HPs)
             Began as a Deep Elf Hedge Wizard on Mar 14, 2022.
             Killed by divine providence
             ... invoked by an orc priest
              (15 damage)
             ... on level 4 of the Dungeon.
             The game lasted 00:01:04 (1789 turns).

H0rd4k the Magician (Deep Elf Hedge Wizard)         Turns: 1789, Time: 00:01:05

Health: -3/19      AC:  2    Str:  7    XL:     3   Next: 30%
Magic:  7/12       EV: 12    Int: 20    God:
Gold:   29         SH:  0    Dex: 14    Spells: 1/13 levels left

rFire   . . .      SeeInvis .   a - +0 dagger
rCold   . . .      Faith    .   (no shield)
rNeg    . . .      Spirit   .   b - +0 robe
rPois   .          Reflect  .   c - +0 hat
rElec   .          Harm     .   (no cloak)
rCorr   .          Rampage  .   (no gloves)
Will    .....                   (no boots)
Stlth   ++........              (no amulet)
HPRegen 0.06/turn               (no ring)
MPRegen 0.13/turn               (no ring)

@: no status effects
A: no striking features
a: no special abilities


You were on level 4 of the Dungeon.
You visited 1 branch of the dungeon, and saw 3 of its levels.

You collected 29 gold pieces.

Inventory:

Hand Weapons
 a - a +0 dagger (weapon)
Armour
 b - a +0 robe (worn)
 c - a +0 hat (worn)
Scrolls
 e - a scroll of enchant armour {unknown}
Potions
 d - a potion of curing {unknown}
 f - a potion of cancellation {unknown}


   Skills:
 + Level 2.7 Dodging
 - Level 2.4 Stealth
 + Level 5.6 Spellcasting
 + Level 1.4 Conjurations
 + Level 1.1 Summonings
 + Level 1.1 Translocations
 * Level 1.0 Fire Magic


You had one spell level left.
You knew the following spells:

 Your Spells              Type           Power      Damage    Failure   Level
a - Magic Dart            Conj           44%        1d5       6%          1
b - Blink                 Tloc           20%        N/A       11%         2
c - Conjure Flame         Conj/Fire      10%        6-21      21%         3
d - Mephitic Cloud        Conj/Pois/Air  7%         N/A       26%         3
e - Lesser Beckoning      Tloc           10%        N/A       21%         3

Your spell library contained the following spells:

 Spells                   Type           Power      Damage    Failure   Level
 Slow                     Hex            20%        N/A       11%         1
 Call Imp                 Summ           10%        N/A       11%         2
 Gell's Gravitas          Tloc           10%        N/A       21%         3
 Teleport Other           Tloc           10%        N/A       21%         3


Dungeon Overview and Level Annotations

Branches:
Dungeon (2/15)

Altars:


Message History

The adder is heavily wounded.
The magic dart hits the adder.
The adder is almost dead.
The magic dart hits the adder.
You kill the adder!
Your Fire Magic skill increases to level 1!
You can't see any susceptible monsters within range! (Use Z to cast anyway.)
You can't see any susceptible monsters within range! (Use Z to cast anyway.) Magic restored.
Found a stone staircase leading down.
A sourceless malevolence fills the Dungeon...
You fall into a shaft and drop 2 floors!
The shaft crumbles and collapses.
An orc wizard comes into view. It is wielding a +0 dagger.
An orc wizard is nearby!
An orc wizard is nearby!
An orc wizard is nearby!
The magic dart hits the orc wizard.
The orc wizard is lightly wounded.
The orc wizard shouts!
The magic dart hits the orc wizard.
The orc wizard is moderately wounded.
An orc comes into view. It is wielding a +0 trident.
The magic dart hits the orc wizard but does no damage.
The orc wizard is moderately wounded.
The orc shouts!
The orc wizard gestures at you while chanting.
You resist with some effort.
You hear a shout!
The magic dart hits the orc wizard but does no damage.
The orc wizard is moderately wounded.
The orc wizard gestures at you while chanting.
The magic dart hits you!
An orc priest comes into view. It is wielding a +0 short sword.
The magic dart hits the orc wizard.
The orc wizard is heavily wounded.
The orc priest calls down the wrath of Beogh upon you.
Beogh smites you!
Ouch! That really hurt!
You die...

###
#.#######
#@.......
#.#######
#.# #.#
#.. #.#
#o#


.oo You could see an orc priest, an orc wizard and an orc.

Vanquished Creatures
  An adder (D:2)
  2 ball pythons (D:1)
  2 bats
  4 endoplasms (D:1)
  2 giant cockroaches (D:1)
  3 goblins (D:1)
  4 hobgoblins (D:1)
  2 quokkas (D:1)
  2 frilled lizards (D:1)
  2 kobolds (D:1)
  3 rats (D:1)
27 creatures vanquished.

Notes
Turn   | Place    | Note
-------+----------+-------------------------------------------
     0 | D:1      | H0rd4k the Deep Elf Hedge Wizard began the quest for the
                  | Orb.
     0 | D:1      | Reached XP level 1. HP: 10/10 MP: 7/7
   224 | D:1      | Reached skill level 5 in Spellcasting
   237 | D:1      | Reached XP level 2. HP: 15/15 MP: 1/10
  1404 | D:1      | Reached XP level 3. HP: 18/19 MP: 4/12
  1407 | D:1      | Learned a level 2 spell: Blink
  1411 | D:1      | Learned a level 3 spell: Conjure Flame
  1415 | D:1      | Learned a level 3 spell: Mephitic Cloud
  1419 | D:1      | Learned a level 3 spell: Lesser Beckoning
  1725 | D:2      | Reached skill level 1 in Fire Magic
  1784 | D:2      | You fall into a shaft and drop 2 floors!
  1789 | D:4      | Killed from afar by an orc priest

Illustrated notes

Levels and vault maps discovered:
D:1:      mainiacjoe_arrival_reflecting_pool, layout_loops_corners,
          amcnicky_mini_rare_corridor_liquid, roderic_serpentine_path
D:2:      layout_rooms, serial_shops, shop, nicolae_shop_crystal
D:4:      layout_basic, nzn_wu_jian_contemplation, minmay_curled_crystal

Skill      XL: |  1  2  3 |
---------------+----------+-----
Spellcasting   | 5 |  5.6
Fire Magic     | 1 |  1.0
Dodging        | |  2.7
Stealth        | |  2.4
Conjurations   | |  1.4
Summonings     | |  1.1
Translocations | |  1.1

Action                   || total
-------------------------++-------
 Cast: Magic Dart        ||    83
Dodge: Dodged            ||     9
